 Dungeon Crawl Stone Soup version 0.28.0-45-g0d030f2227 (webtiles) character file.

Game seed: 3433255407895977484

112 Icepheonix32 the Covered (level 4, -2/35 HPs)
             Began as a Demonspawn Fighter on Apr 6, 2022.
             Killed by divine providence
             ... invoked by an orc priest
              (10 damage)
             ... on level 3 of the Dungeon.
             The game lasted 00:03:34 (2990 turns).

Icepheonix32 the Covered (Demonspawn Fighter)       Turns: 2990, Time: 00:03:35

Health: -2/35      AC:  7    Str: 18    XL:     4   Next: 63%
Magic:  4/4        EV:  9    Int:  9    God:
Gold:   122        SH:  4    Dex: 13    Spells: 3/3 levels left

rFire   + . .      SeeInvis .   a - +0 long sword
rCold   + . .      Faith    .   c - +0 buckler
rNeg    . . .      Spirit   .   b - +0 scale mail
rPois   +          Reflect  .   (no helmet)
rElec   +          Harm     .   (no cloak)
rCorr   +          Rampage  .   (no gloves)
Will    .....                   (no boots)
Stlth   ..........              (no amulet)
HPRegen 0.11/turn               (no ring)
MPRegen 0.09/turn               (no ring)

@: mighty, resistant
A: claws 2, powered by death 1
a: no special abilities


You were on level 3 of the Dungeon.
You visited 1 branch of the dungeon, and saw 3 of its levels.

You collected 122 gold pieces.

Inventory:

Hand Weapons
 a - a +0 long sword (weapon)
Armour
 b - a +0 scale mail (worn)
 c - a +0 buckler (worn)
 q - a +1 chain mail of willpower
Jewellery
 i - a +4 ring of protection
 l - a ring of resist corrosion
 s - a +4 ring of protection
Scrolls
 g - a scroll of silence {unknown}
 h - a scroll of enchant weapon {unknown}
 k - a scroll of enchant armour {unknown}
 m - 2 scrolls of vulnerability {unknown}
 p - 2 scrolls of identify {unknown}
 r - a scroll of teleportation {unknown}
 t - 3 scrolls of summoning {unknown}
 u - a scroll of noise {unknown}
Potions
 n - a potion of ambrosia


   Skills:
 + Level 3.5 Fighting
 - Level 2.0 Long Blades
 + Level 3.9 Armour
 + Level 0.6 Dodging
 + Level 2.9 Shields
 * Level 1.2 Unarmed Combat


You had 3 spell levels left.
You didn't know any spells.
Your spell library contained the following spells:

 Spells                   Type           Power      Damage    Failure   Level
 Animate Skeleton         Necr           0%         N/A       86%         1
 Foxfire                  Conj/Fire      0%         2x1d4     86%         1
 Pain                     Necr           0%         1d4       86%         1
 Sublimation of Blood     Necr           0%         N/A       94%         2
 Wereblood                Tmut           0%         N/A       94%         2
 Conjure Flame            Conj/Fire      0%         6-21      99%         3
 Inner Flame              Hex/Fire       0%         N/A       99%         3
 Vampiric Draining        Necr           0%         2d6       99%         3
 Flame Wave               Conj/Fire      0%         2d4       100%        4
 Summon Hydra             Summ           0%         N/A       100%        7


Dungeon Overview and Level Annotations

Branches:
Dungeon (3/15)

Altars:
Zin


Innate Abilities, Weirdness & Mutations

You have very sharp fingernails.
You regenerate a little health from kills.


Message History

Found a leather armour.
The bat closely misses you.
The orc priest invokes the aid of Beogh against you.
Beogh smites you!
You slash the bat!
You kill the bat!
The orc priest miscasts a cantrip.
The jackal bites you but does no damage.
You slash the jackal!
You kill the jackal!
You slash the jackal!
You kill the jackal!
You closely miss the goblin. The goblin misses you.
The orc wizard mumbles some strange words.
The orc wizard flickers and vanishes!
Deactivating autopickup; reactivate with Ctrl-A.
The goblin hits you but does no damage.
You closely miss the goblin. You block the goblin's attack.
You slice the goblin!!
You kill the goblin!
The orc priest invokes the aid of Beogh against you.
Beogh smites you!
You slash the jackal!
You kill the jackal!
Something completely misses you.
Unknown command.
You barely miss something.
The orc priest invokes the aid of Beogh against you.
Beogh smites you!
* * * LOW HITPOINT WARNING * * *
Something hits you but does no damage.
Unknown command.
You barely miss something. Something hits you but does no damage.
You barely miss something. Something hits you but does no damage.
The orc throws a boomerang.
You block the boomerang. Something hits you but does no damage.
You closely miss something. You block something's attack.
You hit something.
The orc priest mumbles some strange prayers to Beogh against you.
Beogh smites you!
You die...

#oo>o.#..#.....
#####)........#
###.......g# #
##..........# ###
#####...........###
..####.....#.o##.##.....
...............oo..##
.............###{#..#
######.......# #@##.#
#.......# #.# ...
.......#...... ..
..........###.## ..
........#.# #># .
.......... #.# #[# # ..#
..


You could see 2 orc priests.

Vanquished Creatures
  Terence (D:2)
  2 adders (D:2)
  2 worms
  An orc (D:3)
  5 bats
  7 endoplasms
  11 goblins
  4 hobgoblins
  12 jackals
  4 kobolds
  A quokka (D:1)
  A frilled lizard (D:1)
  2 rats
53 creatures vanquished.

Vanquished Creatures (others)
  A jackal (D:3)
1 creature vanquished.

Grand Total: 54 creatures vanquished

Notes
Turn   | Place    | Note
-------+----------+-------------------------------------------
     0 | D:1      | Icepheonix32 the Demonspawn Fighter began the quest for the
                  | Orb.
     0 | D:1      | Reached XP level 1. HP: 18/18 MP: 1/1
   298 | D:1      | Found a faded altar of an unknown god.
   307 | D:1      | Gained mutation: You have sharp fingernails. [demonic
                  | ancestry]
   307 | D:1      | Reached XP level 2. HP: 15/24 MP: 2/2
  1426 | D:2      | Gained mutation: You regenerate a little health from kills.
                  | [demonic ancestry]
  1426 | D:2      | Reached XP level 3. HP: 25/29 MP: 3/3
  1733 | D:2      | Noticed Terence
  1757 | D:2      | Killed Terence
  1758 | D:2      | Reached skill level 1 in Unarmed Combat
  1758 | D:2      | Gained mutation: You have very sharp fingernails. [demonic
                  | ancestry]
  1758 | D:2      | Reached XP level 4. HP: 12/35 MP: 4/4
  2990 | D:3      | Killed from afar by an orc priest

Illustrated notes

Levels and vault maps discovered:
D:1:      psy_arrival_radial01, layout_loops_ring,
          hellmonk_ecumenical_altar_crossroads
D:2:      kennysheep_big_flooded_room, layout_basic, basic_altar,
          hangedman_decor_riveting, uniq_terence
D:3:      layout_rooms, okawaru_gym_becter, minmay_goblin_outpost

Skill      XL: |  1  2  3 |
---------------+----------+-----
Long Blades    | 2 |  2.0
Armour         | 3 |  3.9
Unarmed Combat | 1 |  1.2
Fighting       | |  3.5
Dodging        | |  0.6
Shields        | |  2.9

Action                   |  1- 3 |  4- 6 || total
-------------------------+-------+-------++-------
Melee: Long sword        |   102 |    84 ||   186
  Use: Potion            |       |     5 ||     5
       Scroll            |       |     1 ||     1
Armor: Scale mail        |    48 |    56 ||   104
       Skin              |       |    52 ||    52
Dodge: Dodged            |    37 |    46 ||    83
Block: Buckler           |    23 |    30 ||    53
